3R
GREENPORT HARBOR WHALES @ GERMANTOWN URUGUAYANS
08/12/2041
 
TOP OF THE 1ST
Greenport Harbor Whales batting - Pitching for Germantown Uruguayans : RHP José Jiménez
Pitching: RHP José Jiménez
Batting: RHB Kien Thum 0-0: Called Strike
0-1: Ground out 1-3 (Groundball, 13, EV 84.4 MPH)
Batting: LHB Alberto Medellín 0-0: Foul Ball, location: 2F
0-1: Ball
1-1: Ball
2-1: Fly out, F8 (Flyball, 8RXD, EV 111.9 MPH)
Batting: RHB Nelson Moore 0-0: Ball
1-0: Foul Ball, location: 2F
1-1: Ball
2-1: Ball
3-1: Base on Balls
Batting: LHB Taroemon Nishii 0-0: Foul Ball, location: 2F
0-1: Foul Ball, location: 2F
0-2: Strikes out swinging
Top of the 1st over - 0 runs, 0 hits, 0 errors, 1 left on base; Greenport 0 - Germantown 0
BOTTOM OF THE 1ST
Germantown Uruguayans batting - Pitching for Greenport Harbor Whales : RHP Isaac Gunner
Pitching: RHP Isaac Gunner
Batting: RHB Will Gamble 0-0: Ball
1-0: Foul Ball, location: 2F
1-1: Ball
2-1: Foul Ball, location: 2F
2-2: Ball
3-2: Foul Ball, location: 2F
3-2: SINGLE (Line Drive, 6D, EV 94.4 MPH)
Batting: LHB Ta-hye Keng 0-0: Ball
1-0: Ball
2-0: Ball
3-0: Base on Balls
Will Gamble to second
Batting: RHB Rubén Nuañez 0-0: Ball
1-0: Foul Ball, location: 2F
1-1: Foul Ball, location: 2F
1-2: Strikes out swinging
Batting: LHB Adrian Beard 0-0: Called Strike
0-1: Swinging Strike
0-2: Ball
1-2: Strikes out swinging
Batting: LHB José Costa 0-0: Swinging Strike
0-1: Fielders Choice at 2nd, U4 (Groundball, 4M, EV 80.6 MPH)
Bottom of the 1st over - 0 runs, 1 hit, 0 errors, 2 left on base; Greenport 0 - Germantown 0
TOP OF THE 2ND
Greenport Harbor Whales batting - Pitching for Germantown Uruguayans : RHP José Jiménez
Batting: RHB Antosha Eismant 0-0: Ball
1-0: Ball
2-0: Swinging Strike
2-1: SINGLE (Groundball, 56D, EV 107.5 MPH)
Batting: RHB Zack Ford 0-0: Called Strike
0-1: Called Strike
0-2: Strikes out swinging
Batting: RHB Vincent Robertson 0-0: Called Strike
0-1: Called Strike
0-2: Strikes out swinging
Batting: RHB Robert Robinson 0-0: Foul Ball, location: 2F
0-1: Called Strike
0-2: Strikes out swinging
Top of the 2nd over - 0 runs, 1 hit, 0 errors, 1 left on base; Greenport 0 - Germantown 0
BOTTOM OF THE 2ND
Germantown Uruguayans batting - Pitching for Greenport Harbor Whales : RHP Isaac Gunner
Batting: SHB Teddy York 0-0: DOUBLE (Line Drive, 8RD, EV 101.9 MPH)
Batting: RHB Kaaleppi Möttölä 0-0: Foul Ball, location: 2F
0-1: TRIPLE (Flyball, 8LXD, EV 93.8 MPH)
Teddy York scores
Batting: RHB Frank Mallam 0-0: Called Strike
0-1: Called Strike
0-2: Strikes out swinging
Batting: LHB Bill Ware 0-0: Foul Ball, location: 2F
0-1: Ball
1-1: Reached on error, E7 (Flyball, 7LS, EV 90.6 MPH)
Kaaleppi Möttölä scores
Batting: RHB Will Gamble 0-0: Ball
1-0: Called Strike
1-1: Foul Ball, location: 2F
1-2: Ball
2-2: Strikes out looking
Batting: LHB Ta-hye Keng 0-0: Ball
1-0: Called Strike
1-1: Ball
2-1: Called Strike
2-2: SINGLE (Flyball, 78S, EV 91.9 MPH)
Bill Ware to second
Batting: RHB Rubén Nuañez 0-0: Ball
1-0: Called Strike
1-1: Foul Ball, location: 2F
1-2: Ball
2-2: Ball
3-2: Strikes out swinging
Bottom of the 2nd over - 2 runs, 3 hits, 1 error, 2 left on base; Greenport 0 - Germantown 2
TOP OF THE 3RD
Greenport Harbor Whales batting - Pitching for Germantown Uruguayans : RHP José Jiménez
Batting: RHB Clyde Monroe 0-0: Ball
1-0: Called Strike
1-1: Ground out U3 (Groundball, 34, EV 78.1 MPH)
Batting: RHB Kien Thum 0-0: Called Strike
0-1: Ball
1-1: Foul Ball, location: 2F
1-2: Foul Ball, location: 2F
1-2: Strikes out looking
Batting: LHB Alberto Medellín 0-0: Foul Ball, location: 2F
0-1: Foul Ball, location: 2F
0-2: Strikes out looking
Top of the 3rd over - 0 runs, 0 hits, 0 errors, 0 left on base; Greenport 0 - Germantown 2
BOTTOM OF THE 3RD
Germantown Uruguayans batting - Pitching for Greenport Harbor Whales : RHP Isaac Gunner
Batting: LHB Adrian Beard 0-0: Foul Ball, location: 2F
0-1: Swinging Strike
0-2: Foul Ball, location: 2F
0-2: Ball
1-2: Foul Ball, location: 2F
1-2: Ball
2-2: Foul Ball, location: 2F
2-2: Foul Ball, location: 2F
2-2: Fly out, F7 (Flyball, 7, EV 91.9 MPH)
Batting: LHB José Costa 0-0: SINGLE (Line Drive, 8LS, EV 96.9 MPH)
Batting: SHB Teddy York 0-0: Called Strike
0-1: Foul Ball, location: 2F
0-2: Ground out U3 (Groundball, 3, EV 86.2 MPH)
José Costa to second
Batting: RHB Kaaleppi Möttölä 0-0: Reached on error, E5 (Groundball, 5, EV 87.5 MPH)
José Costa to third
Batting: RHB Frank Mallam 0-0: Ball
1-0: Called Strike
1-1: Fly out, F7 (Flyball, 7D, EV 92.5 MPH)
Bottom of the 3rd over - 0 runs, 1 hit, 1 error, 2 left on base; Greenport 0 - Germantown 2
TOP OF THE 4TH
Greenport Harbor Whales batting - Pitching for Germantown Uruguayans : RHP José Jiménez
Batting: RHB Nelson Moore 0-0: Called Strike
0-1: Ball
1-1: Foul Ball, location: 2F
1-2: Ball
2-2: Strikes out looking
Batting: LHB Taroemon Nishii 0-0: Called Strike
0-1: Ball
1-1: Ball
2-1: SINGLE (Line Drive, 9S, EV 88.1 MPH)
Batting: RHB Antosha Eismant 0-0: Ball
1-0: Ball
2-0: Foul Ball, location: 2F
2-1: Foul Ball, location: 2F
2-2: Foul Ball, location: 2F
2-2: Strikes out swinging
Batting: RHB Zack Ford 0-0: Ball
1-0: Fielders Choice at 2nd, 6-4 (Groundball, 6, EV 103.1 MPH)
Top of the 4th over - 0 runs, 1 hit, 0 errors, 1 left on base; Greenport 0 - Germantown 2
BOTTOM OF THE 4TH
Germantown Uruguayans batting - Pitching for Greenport Harbor Whales : RHP Isaac Gunner
Batting: LHB Bill Ware 0-0: Ball
1-0: Called Strike
1-1: Called Strike
1-2: Ball
2-2: Foul Ball, location: 2F
2-2: Ball
3-2: Foul Ball, location: 2F
3-2: Foul Ball, location: 2F
3-2: Ground out U3 (Groundball, 3S, EV 65.6 MPH)
Batting: RHB Will Gamble 0-0: Called Strike
0-1: Ball
1-1: Called Strike
1-2: Foul Ball, location: 2F
1-2: Ball
2-2: Ball
3-2: Strikes out swinging
Batting: LHB Ta-hye Keng 0-0: Called Strike
0-1: Called Strike
0-2: Strikes out swinging
Bottom of the 4th over - 0 runs, 0 hits, 0 errors, 0 left on base; Greenport 0 - Germantown 2
TOP OF THE 5TH
Greenport Harbor Whales batting - Pitching for Germantown Uruguayans : RHP José Jiménez
Batting: RHB Vincent Robertson 0-0: Swinging Strike
0-1: Ball
1-1: Swinging Strike
1-2: Ball
2-2: Ball
3-2: Base on Balls
Batting: RHB Robert Robinson 0-0: Foul Ball, location: 2F
0-1: Ball
Vincent Robertson steals 2nd base
1-1: Ball
2-1: Ground out 3-1 (Groundball, 34, EV 98.8 MPH)
Vincent Robertson to third
Batting: RHB Clyde Monroe 0-0: Called Strike
0-1: Ball
1-1: Swinging Strike
1-2: Ball
2-2: Foul Ball, location: 2F
2-2: Fly out, F8 (Flyball, 8RM, EV 95.6 MPH)
Runner from 3rd tags up, OUT at HOME! 8-2
Top of the 5th over - 0 runs, 0 hits, 0 errors, 0 left on base; Greenport 0 - Germantown 2
BOTTOM OF THE 5TH
Germantown Uruguayans batting - Pitching for Greenport Harbor Whales : RHP Isaac Gunner
Batting: RHB Rubén Nuañez 0-0: Ground out 6-3 (Groundball, 6, EV 85.0 MPH)
Batting: LHB Adrian Beard 0-0: Ball
1-0: Ball
2-0: Foul Ball, location: 2F
2-1: Fly out, F7 (Flyball, 7S, EV 83.8 MPH)
Batting: LHB José Costa 0-0: Ball
1-0: Called Strike
1-1: Ground out 5-3 (Groundball, 56S, EV 84.4 MPH)
Bottom of the 5th over - 0 runs, 0 hits, 0 errors, 0 left on base; Greenport 0 - Germantown 2
TOP OF THE 6TH
Greenport Harbor Whales batting - Pitching for Germantown Uruguayans : RHP José Jiménez
Batting: RHB Kien Thum 0-0: Ball
1-0: Ball
2-0: Ground out 6-3 (Groundball, 6, EV 87.5 MPH)
Batting: LHB Alberto Medellín 0-0: Called Strike
0-1: Called Strike
0-2: Ball
1-2: Ball
2-2: Fly out, F9 (Flyball, 9S, EV 73.1 MPH)
Batting: RHB Nelson Moore 0-0: Ball
1-0: Ball
2-0: Ball
3-0: Called Strike
3-1: Foul Ball, location: 2F
3-2: Foul Ball, location: 2F
3-2: Strikes out swinging
Top of the 6th over - 0 runs, 0 hits, 0 errors, 0 left on base; Greenport 0 - Germantown 2
BOTTOM OF THE 6TH
Germantown Uruguayans batting - Pitching for Greenport Harbor Whales : RHP Isaac Gunner
Batting: SHB Teddy York 0-0: Called Strike
0-1: Ball
1-1: Foul Ball, location: 2F
1-2: Strikes out swinging
Batting: RHB Kaaleppi Möttölä 0-0: Fly out, F2 (Popup, 2LF, EV 89.4 MPH)
Batting: RHB Frank Mallam 0-0: Called Strike
0-1: Swinging Strike
0-2: Foul Ball, location: 2F
0-2: Ball
1-2: Ball
2-2: Foul Ball, location: 2F
2-2: Strikes out looking
Bottom of the 6th over - 0 runs, 0 hits, 0 errors, 0 left on base; Greenport 0 - Germantown 2
TOP OF THE 7TH
Greenport Harbor Whales batting - Pitching for Germantown Uruguayans : RHP José Jiménez
Batting: LHB Taroemon Nishii 0-0: Called Strike
0-1: Ball
1-1: Ball
2-1: Foul Ball, location: 2F
2-2: Ball
3-2: Foul Ball, location: 2F
3-2: Base on Balls
Batting: RHB Antosha Eismant 0-0: Called Strike
0-1: Swinging Strike
0-2: Ball
1-2: Foul Ball, location: 2F
1-2: Ball
2-2: Fielders Choice at 2nd, 6-4 (Groundball, 6S, EV 77.5 MPH)
Pitching: RHP Ross Vinyard
Batting: RHB Zack Ford 0-0: Ball
Wild Pitch!
Antosha Eismant to second
1-0: Fly out, F8 (Flyball, 89S, EV 93.8 MPH)
Batting: RHB Vincent Robertson 0-0: Ball
1-0: Ball
2-0: Ball
3-0: Called Strike
3-1: Swinging Strike
3-2: Strikes out swinging
Top of the 7th over - 0 runs, 0 hits, 0 errors, 1 left on base; Greenport 0 - Germantown 2
BOTTOM OF THE 7TH
Germantown Uruguayans batting - Pitching for Greenport Harbor Whales : RHP Isaac Gunner
Pitching: LHP Frans Alkemade
Batting: LHB Bill Ware 0-0: Fly out, F8 (Flyball, 89S, EV 91.9 MPH)
Batting: RHB Will Gamble 0-0: Called Strike
0-1: Ball
1-1: Called Strike
1-2: Ball
2-2: Foul Ball, location: 2F
2-2: Foul Ball, location: 2F
2-2: Ball
3-2: SOLO HOME RUN (Flyball, 7D, EV 106.2 MPH), Distance : 406 ft
Batting: LHB Ta-hye Keng 0-0: Called Strike
0-1: Called Strike
0-2: Ball
1-2: Ball
2-2: Strikes out looking
Batting: RHB Rubén Nuañez 0-0: Ball
1-0: Ball
2-0: Fly out, F1 (Line Drive, P, EV 63.8 MPH)
Bottom of the 7th over - 1 run, 1 hit, 0 errors, 0 left on base; Greenport 0 - Germantown 3
TOP OF THE 8TH
Greenport Harbor Whales batting - Pitching for Germantown Uruguayans : RHP Ross Vinyard
Batting: RHB Robert Robinson 0-0: Ball
1-0: Foul Ball, location: 2F
1-1: SOLO HOME RUN (Flyball, 7LD, EV 90.6 MPH), Distance : 341 ft
Batting: RHB Clyde Monroe 0-0: Called Strike
0-1: SINGLE (Groundball, 13, EV 71.9 MPH) (infield hit)
Batting: RHB Kien Thum 0-0: Called Strike
0-1: Foul Ball, location: 2F
0-2: Ball
1-2: Ball
2-2: Strikes out looking
Batting: LHB Alberto Medellín 0-0: Called Strike
0-1: Ball
1-1: Ball
2-1: Swinging Strike
2-2: Ball
3-2: Foul Ball, location: 2F
3-2: Strikes out swinging
Batting: RHB Nelson Moore 0-0: Foul Ball, location: 2F
0-1: Swinging Strike
0-2: Ball
1-2: Strikes out looking
Top of the 8th over - 1 run, 2 hits, 0 errors, 1 left on base; Greenport 1 - Germantown 3
BOTTOM OF THE 8TH
Germantown Uruguayans batting - Pitching for Greenport Harbor Whales : LHP Frans Alkemade
Batting: LHB Adrian Beard 0-0: Ball
1-0: Foul Ball, location: 2F
1-1: Ball
2-1: Foul Ball, location: 2F
2-2: SINGLE (Line Drive, 89S, EV 94.4 MPH)
Batting: LHB José Costa 0-0: Foul Ball, location: 2F
0-1: Ball
1-1: Ball
2-1: Called Strike
2-2: Foul Ball, location: 2F
2-2: Foul Ball, location: 2F
2-2: Ball
3-2: Foul Ball, location: 2F
3-2: Strikes out swinging
Batting: SHB Teddy York 0-0: Swinging Strike
0-1: Ball
1-1: Ball
2-1: Ball
3-1: Fielders Choice at 2nd, 4-6 (Groundball, 4, EV 100.6 MPH)
Batting: RHB Kaaleppi Möttölä 0-0: Ball
1-0: Ball
2-0: Foul Ball, location: 2F
2-1: Ball
3-1: Swinging Strike
3-2: Foul Ball, location: 2F
3-2: SINGLE (Flyball, 9LS, EV 91.2 MPH)
Teddy York to second
Teddy York to third
Pitching: LHP Vincent Higgins
Batting: RHB Frank Mallam 0-0: Ball
1-0: Fly out, F7 (Flyball, 7LS, EV 93.8 MPH)
Bottom of the 8th over - 0 runs, 2 hits, 0 errors, 2 left on base; Greenport 1 - Germantown 3
TOP OF THE 9TH
Greenport Harbor Whales batting - Pitching for Germantown Uruguayans : RHP Ross Vinyard
Pitching: LHP Ron Lloyd
Now at 2B: Halewijn Kraan
Now in LF: Scotty Forrest
Batting: LHB Taroemon Nishii 0-0: Ball
1-0: Called Strike
1-1: Ground out 6-3 (Groundball, 6, EV 81.9 MPH)
Batting: RHB Antosha Eismant 0-0: Called Strike
0-1: Fly out, F8 (Flyball, 8RM, EV 88.1 MPH)
Batting: RHB Zack Ford 0-0: Called Strike
0-1: Ball
1-1: Foul Ball, location: 2F
1-2: Ball
2-2: Foul Ball, location: 2F
2-2: Ball
3-2: Strikes out swinging
Top of the 9th over - 0 runs, 0 hits, 0 errors, 0 left on base; Greenport 1 - Germantown 3
Tuesday, January 5th, 2021 - OOTP Baseball 20.8 Build 74